 Dungeon Crawl Stone Soup version 0.24-a0-769-g368c1644f8 (webtiles) character file.

Game seed: 2164467410268897697, levelgen mode: deterministic

44 Arixos the Skirmisher (level 3, 0/29 HPs)
             Began as a Mummy Fighter on Oct 4, 2019.
             Slain by an adder (3 damage)
             ... on level 2 of the Dungeon.
             The game lasted 00:05:37 (876 turns).

Arixos the Skirmisher (Mummy Fighter)                Turns: 876, Time: 00:05:38

Health: 0/29       AC:  8    Str: 20    XL:     3   Next: 39%
Magic:  3/3        EV: 10    Int:  7    God:
Gold:   36         SH:  9    Dex: 11    Spells: 2/2 levels left

rFire    x . .     SeeInvis .   f - +0 whip
rCold    + . .     Gourm    .   c - +0 shield
rNeg     + + +     Faith    .   d - +0 chain mail
rPois    ∞         Spirit   .   (no helmet)
rElec    .         Reflect  .   (no cloak)
rCorr    .         Harm     .   (no gloves)
MR       .....                  (no boots)
Stlth    ..........             g - amulet of inaccuracy (curse)
HPRegen  0.09/turn              e - +5 ring of evasion
MPRegen  0.08/turn              (no ring)

@: no status effects
A: no food or potions, fire vulnerability, cold resistance 1, negative energy
resistance 3, torment resistance, unbreathing
a: no special abilities


You were on level 2 of the Dungeon.
You were not hungry.

You visited 1 branch of the dungeon, and saw 2 of its levels.

You collected 36 gold pieces.

Inventory:

Hand Weapons
 f - a +0 whip (weapon)
Armour
 c - a +0 shield (worn)
 d - a +0 chain mail (worn)
Jewellery
 b - an uncursed amulet of magic regeneration {unknown}
 e - a +5 ring of evasion (left hand)
 g - a cursed amulet of inaccuracy (around neck)


   Skills:
 + Level 3.3 Fighting
 + Level 1.9 Maces & Flails
 + Level 2.7 Armour
 + Level 1.0 Dodging
 + Level 2.7 Shields


You had 2 spell levels left.
You didn't know any spells.
Your spell library was empty.

Dungeon Overview and Level Annotations

Branches:
Dungeon (2/15)

Altars:


Innate Abilities, Weirdness & Mutations

You do not eat or drink.
Your flesh is vulnerable to fire.
You are immune to poison.
Your flesh is cold resistant. (rC+)
You are immune to negative energy. (rN+++)
You are immune to unholy pain and torment.
You can survive without breathing.


Message History

The adder bites you but does no damage.
You miss the adder.
The adder is almost dead.
The adder bites you but does no damage. x2
You miss the adder.
The adder is almost dead.
The adder bites you but does no damage.
You miss the adder.
The adder is almost dead.
The adder closely misses you.
Your shield and chain mail prevent you from hitting the adder.
The adder is almost dead.
The adder bites you but does no damage. You block the adder's attack.
You miss the adder.
The adder is almost dead.
You block the adder's attack.
You miss the adder.
The adder is almost dead.
The adder bites you.
You die...

###### ...>## ## ....#
#.. #..# ### #
#.#####..####.## ##.
##...[.........####
...#.<..##..##........
#..##.##..###...####
#.S@.†....# ##.##
#........## #.#
#.###.#### #.# ...
...# #+# ### ##### # +


You could see an adder.

Vanquished Creatures
  An ooze (D:1)
  2 leopard geckos (D:2)
  3 giant cockroaches
  7 goblins
  3 hobgoblins (D:1)
  2 jackals (D:1)
  3 bats (D:1)
  2 frilled lizards
  5 kobolds (D:1)
  7 rats
35 creatures vanquished.

Notes
Turn   | Place    | Note
-------+----------+-------------------------------------------
     0 | D:1      | Arixos the Mummy Fighter began the quest for the Orb.
     0 | D:1      | Reached XP level 1. HP: 18/18 MP: 1/1
   114 | D:1      | Reached XP level 2. HP: 24/24 MP: 2/2
   374 | D:1      | Reached XP level 3. HP: 28/29 MP: 3/3
   787 | D:2      | Reached skill level 1 in Dodging
   876 | D:2      | Slain by an adder

Levels and vault maps discovered:
D:1:      saegor_arrival_simple_c, layout_rooms
D:2:      layout_loops_corners, grunt_decor_mini_mirrors, minmay_misc_feat_iff

Skill      XL: |  1  2  3 |
---------------+----------+-----
Dodging        | 1 |  1.0
Fighting       | |  3.3
Maces & Flails | |  1.9
Armour         | |  2.7
Shields        | |  2.7

Action                   || total
-------------------------++-------
Melee: Flail             ||    51
       Whip              ||   168
  Use: Scroll            ||     1
Armor: Chain mail        ||    92
       Scale mail        ||     8
Dodge: Dodged            ||   105
Block: Shield            ||   102

Table legend:
 A = Non-vault XP
 B = Vault XP
 C = Vault XP percentage of total XP
 D = Non-vault monster count
 E = Vault monster count
 F = Vault count percentage of total count
                 A         B        C        D         E       F
            +---------+---------+-------+---------+---------+-------
      Total |      63 |       0 |   0.0 |      35 |       0 |   0.0
            +---------+---------+-------+---------+---------+-------
        D:1 |      46 |       0 |   0.0 |      26 |       0 |   0.0
        D:2 |      17 |       0 |   0.0 |       9 |       0 |   0.0
            +---------+---------+-------+---------+---------+-------
